 Dungeon Crawl Stone Soup version 0.27.1-1-g398f81649c (webtiles) character file.

Game seed: 5939346760570589133

6143 acemry the Destroyer (level 10, -3/50 HPs)
             Began as a Deep Elf Conjurer on Sept 10, 2021.
             Was a Follower of Vehumet.
             Shot with a sling bullet by Joseph (7 damage)
             ... on level 8 of the Dungeon.
             The game lasted 00:30:14 (11397 turns).

acemry the Destroyer (Deep Elf Conjurer)           Turns: 11397, Time: 00:30:14

Health: -3/50      AC:  3    Str: 10    XL:     10   Next: 59%
Magic:  24/28      EV: 12    Int: 27    God:    Vehumet [*.....]
Gold:   476        SH:  0    Dex: 13    Spells: 26/33 levels left

rFire    . . .     SeeInvis .   y - +2 dagger (speed)
rCold    . . .     Faith    .   (no shield)
rNeg     . . .     Spirit   .   a - +0 robe
rPois    .         Reflect  .   (no helmet)
rElec    .         Harm     .   (no cloak)
rCorr    .         Rampage  .   (no gloves)
Will     +....                  x - +0 pair of boots
Stlth    ++........             (no amulet)
HPRegen  0.16/turn              f - +6 ring of strength
MPRegen  0.21/turn              (no ring)

@: studying Staves
A: no striking features
a: Renounce Religion


You were on level 8 of the Dungeon.
You worshipped Vehumet.
Vehumet was aware of your devotion.
You visited 2 branches of the dungeon, and saw 9 of its levels.

You collected 476 gold pieces.

Inventory:

Hand Weapons
 d - a +0 vorpal mace
 i - a +0 dagger of draining
 m - a +1 dagger of venom
 u - a +0 rapier
 y - a +2 dagger of speed (weapon)
Missiles
 n - 28 poisoned darts
 t - 3 throwing nets
Armour
 a - a +0 robe (worn)
 x - a +0 pair of boots (worn)
Magical Staves
 B - a staff of death
Jewellery
 f - a +6 ring of strength (left hand)
Wands
 o - a wand of iceblast (17)
 C - a wand of mindburst (23)
Scrolls
 l - 4 scrolls of fog
 p - 2 scrolls of magic mapping
 q - 4 scrolls of teleportation
 r - 2 scrolls of blinking
Potions
 b - a potion of degeneration {unknown}
 c - 2 potions of haste
 e - 8 potions of curing
 g - 2 potions of attraction
 h - 2 potions of cancellation
 j - 2 potions of lignification {unknown}
 k - a potion of invisibility {unknown}
 s - a potion of might {unknown}
 w - 2 potions of mutation
 z - a potion of brilliance {unknown}
 A - a potion of berserk rage {unknown}


   Skills:
 - Level 2.4 Dodging
 - Level 2.4 Stealth
 + Level 12.3 Spellcasting
 * Level 14.2 Conjurations


You had 26 spell levels left.
You knew the following spells:

 Your Spells              Type           Power      Damage    Failure   Level
a - Magic Dart            Conj           100%       1d8       0%          1
b - Searing Ray           Conj           100%       3d7       0%          2
c - Fulminant Prism       Conj/Hex       26%        3d14      1%          4

Your spell library contained the following spells:

 Spells                   Type           Power      Damage    Failure   Level
 Shock                    Conj/Air       100%       1d9       1%          1
 Dazzling Flash           Conj/Hex       100%       N/A       1%          3
 Iskenderun's Mystic Bla  Conj/Tloc      53%        2d11      1%          4
 Slow                     Hex            16%        N/A       4%          2
 Sublimation of Blood     Necr           8%         N/A       4%          2
 Irradiate                Conj/Tmut      26%        3d22      4%          5
 Confusing Touch          Hex            16%        N/A       10%         3
 Portal Projectile        Hex/Tloc       32%        N/A       10%         3
 Petrify                  Tmut/Erth      16%        N/A       32%         4
 Blade Hands              Tmut           8%         N/A       67%         5
 Excruciating Wounds      Necr           8%         N/A       67%         5
 Yara's Violent Unravell  Hex/Tmut       8%         3d5       67%         5


Dungeon Overview and Level Annotations

Branches:
Dungeon (8/15)             Temple (1/1) D:4
   Lair: D:8-11

Altars:
Ashenzari
Cheibriados
Dithmenos
Elyvilon
Fedhas
Gozag
Hepliaklqana
Makhleb
Okawaru
Qazlal
Ru
Sif Muna
Trog
Uskayaw
Vehumet
Wu Jian
Xom
Yredelemnul
Zin
The Shining One

Shops:
D:6 (::

Annotations:
D:8 Joseph


Message History

Done exploring.
Done exploring.
Done exploring.
Done exploring.
Done exploring.
Done exploring.
Done exploring.
(D) Dungeon (T) Temple
Where to? (Enter - D:7 @ (x,y), ? - help)
There is a stone staircase leading down here.
You climb downwards.
Joseph shouts!
Found a helmet and 8 gold pieces.
There is a stone staircase leading up here.
Joseph is nearby!
Casting: Searing Ray (safe; 0% risk of failure)
Confirm with . or Enter, or press ? or * to list all spells.
Aiming: Searing Ray (safe; 0% risk of failure)
Press: ? - help, Shift-Dir - straight line, f - Joseph
Aim: Joseph, wielding a +1 quarterstaff of draining, wearing a +0 ring mail and quivering sling bullets (85% to hit)
The searing ray hits Joseph.
Joseph is lightly wounded. (Press . to maintain the ray.) Joseph unwields a +1 quarterstaff of draining.
Joseph wields a +0 hunting sling of freezing.
It is covered in frost.
Joseph shoots a sling bullet.
The sling bullet completely misses you.
The searing ray hits Joseph!
Joseph is moderately wounded.
The searing ray hits Joseph.
Joseph is moderately wounded.
Joseph shoots a sling bullet.
The sling bullet barely misses you.
The searing ray hits Joseph!
Joseph is heavily wounded.
You finish channeling your searing ray.
Joseph shoots a sling bullet.
The sling bullet hits you!! The sling bullet freezes you!
Joseph shoots a sling bullet.
The sling bullet hits you!
* * * LOW HITPOINT WARNING * * *
The sling bullet freezes you!
You die...

.## ..######
..#...##
##......#
#.......#
##.......#
##........#
#.....@...#
#........@.#
#.........#.#
#$........# #
###.......#
###....##
######


You could see Joseph.

Vanquished Creatures
  Pikel (D:6)
  A deep elf pyromancer (D:7)
  Prince Ribbit (D:6)
  Eustachio (D:4)
  A steam dragon (D:6)
  Edmund (D:6)
  5 water moccasins
  Menkaure (D:6)
  An acid dragon (D:6)
  Duvessa (D:6)
  An ice beast (D:6)
  2 sky beasts
  3 orc warriors
  2 black bears (D:7)
  A necrophage (D:4)
  2 ogres
  A centaur (D:6)
  A phantom (D:7)
  3 kobold brigands
  4 lemures (D:6)
  2 bullfrogs
  Blork the orc (D:5)
  A gnoll sergeant (D:5)
  3 scorpions (D:5)
  A water moccasin zombie (D:7)
  Dowan (D:6)
  5 wights (D:7)
  2 howler monkeys
  A bullfrog zombie (D:6)
  A gnoll shaman (D:4)
  10 hounds
  3 jellies (D:5)
  A bullfrog skeleton (D:5)
  4 orc priests
  4 iguanas
  2 centaur skeletons
  Natasha (thrice) (D:4)
  10 orc wizards
  A hound skeleton (D:4)
  2 howler monkey zombies (D:5)
  Robin (D:2)
  35 gnolls
  10 adders
  A shadow imp (D:5)
  2 white imps
  An adder skeleton (D:4)
  3 worms
  2 dart slugs
  33 orcs
  4 bats
  2 endoplasms
  2 giant cockroaches
  10 goblins
  9 hobgoblins
  16 jackals (D:3)
  2 quokkas
  6 ball pythons
  3 frilled lizards
  15 kobolds
  A rat (D:1)
250 creatures vanquished.

Vanquished Creatures (others)
  2 fulminant prisms (D:6)
  5 plants
7 creatures vanquished.

Grand Total: 257 creatures vanquished

Notes
Turn   | Place    | Note
-------+----------+-------------------------------------------
     0 | D:1      | acemry the Deep Elf Conjurer began the quest for the Orb.
     0 | D:1      | Reached XP level 1. HP: 10/10 MP: 6/6
    88 | D:1      | Found a faded altar of an unknown god.
   244 | D:1      | Reached XP level 2. HP: 15/15 MP: 4/8
   247 | D:1      | Learned a level 2 spell: Searing Ray
   618 | D:1      | Reached skill level 5 in Conjurations
  1066 | D:2      | Reached XP level 3. HP: 19/19 MP: 4/9
  1168 | D:2      | Noticed Robin
  1191 | D:2      | Killed Robin
  1500 | D:2      | Reached skill level 6 in Conjurations
  1500 | D:2      | Reached XP level 4. HP: 24/24 MP: 6/11
  1505 | D:2      | Learned a level 4 spell: Fulminant Prism
  2471 | D:3      | Found a sacrificial altar of Ru.
  2744 | D:3      | Reached XP level 5. HP: 28/28 MP: 3/13
  2981 | D:3      | Reached skill level 7 in Conjurations
  3000 | D:3      | Reached XP level 6. HP: 30/32 MP: 3/15
  3112 | D:3      | Reached skill level 5 in Spellcasting
  3441 | D:3      | Reached skill level 8 in Conjurations
  3682 | D:3      | Reached XP level 7. HP: 36/36 MP: 10/18
  4147 | D:4      | Noticed Natasha
  4150 | D:4      | Killed Natasha
  4224 | D:4      | Found a staircase to the Ecumenical Temple.
  4241 | Temple   | Entered the Ecumenical Temple
  4636 | D:4      | Noticed Eustachio
  4655 | D:4      | Killed Eustachio
  4656 | D:4      | Reached skill level 9 in Conjurations
  4722 | D:4      | Reached XP level 8. HP: 41/41 MP: 13/21
  4802 | D:4      | Found a shimmering altar of Xom.
  5086 | D:4      | Noticed Natasha
  5088 | D:4      | Killed Natasha
  5183 | D:4      | Reached skill level 10 in Conjurations
  5517 | D:4      | Noticed Natasha
  5521 | D:4      | Killed Natasha
  5589 | D:5      | Entered Level 5 of the Dungeon
  5749 | D:5      | Found an ornate altar of the Wu Jian Council.
  6230 | D:5      | Found a shadowy altar of Dithmenos.
  6339 | D:5      | Found an opulent altar of Gozag.
  6362 | D:5      | Noticed Blork the orc
  6367 | D:5      | Reached skill level 11 in Conjurations
  6370 | D:5      | Killed Blork the orc
  6852 | D:5      | Reached XP level 9. HP: 45/45 MP: 20/24
  7365 | D:5      | Reached skill level 10 in Spellcasting
  8059 | D:6      | Found Secoong's Weapon Shop.
  8070 | D:6      | Found a broken altar of Ashenzari.
  8200 | Temple   | Became a worshipper of Vehumet
  8260 | D:6      | Noticed Pikel
  8260 | D:6      | Found Leasaq's Book Emporium.
  8266 | D:5      | Reached skill level 12 in Conjurations
  8468 | D:6      | Noticed Edmund
  8477 | D:6      | Killed Edmund
  8480 | D:6      | Paralysed by Pikel for 4 turns
  8487 | D:6      | Paralysed by Pikel for 5 turns
  8492 | D:6      | Killed Pikel
  8492 | D:6      | Noticed Menkaure
  8497 | D:6      | Killed Menkaure
  8852 | D:6      | Reached skill level 13 in Conjurations
  9099 | D:6      | Noticed Dowan
  9102 | D:6      | Killed Dowan
  9103 | D:6      | Reached XP level 10. HP: 50/50 MP: 22/27
  9444 | D:6      | Noticed Duvessa
  9454 | D:6      | Killed Duvessa
  9454 | D:6      | Noticed Prince Ribbit
  9467 | D:6      | Killed Prince Ribbit
  9467 | D:6      | Reached * piety under Vehumet
  9467 | D:6      | Offered knowledge of Shock by Vehumet.
  9744 | D:6      | Found Fakk's Book Boutique.
 10651 | D:7      | Noticed a deep elf pyromancer
 10868 | D:7      | Killed a deep elf pyromancer
 10869 | D:7      | Reached skill level 14 in Conjurations
 11392 | D:8      | Noticed Joseph
 11397 | D:8      | Shot with a sling bullet by Joseph

Illustrated notes

Levels and vault maps discovered:
D:1:      lightli_arrival_windingriver, layout_loops_ring,
          basic_ecumenical_altar
D:2:      minmay_kobold_bridge, layout_basic, kennysheep_generic_room_13,
          uniq_robin
D:3:      lemuel_castle_with_subvaults [lemuel_castle_interior_carwin_2],
          layout_basic, overflow_temple_1_default
D:4:      layout_loops_ring, general_overflow_altar,
          minmay_temple_entry_overgrown, uniq_natasha, uniq_eustachio
D:5:      minmay_clustersquares, layout_loops_corners, nzn_wu_jian_council_hall,
          nicolae_dithmenos_through_a_glass_darkly, amcnicky_altar_gilded,
          uniq_blork_the_orc
D:6:      layout_loops_ring, mainiacjoe_overflow_tiny_flanked, serial_shops,
          shop, nicolae_shop_temple_entry_statues_fountains, shop, minmay_bent,
          uniq_prince_ribbit1, uniq_pikel, uniq_duvessa, uniq_edmund,
          uniq_menkaure
D:7:      layout_cave_pods, minmay_manual_mail
D:8:      layout_cave_pods, nemelex_spade_bored_becter, uniq_maurice,
          uniq_harold, uniq_joseph
Temple:   eino_narrow_crystal_temple

Skill      XL: |  1  2  3  4  5  6  7  8  9 10 |
---------------+-------------------------------+-----
Conjurations   | 5 6 7 8 9 11 13 14 | 14.2
Spellcasting   | 4 6 7 9 11 12 | 12.3
Dodging        | |  2.4
Stealth        | |  2.4

Action                   |  1- 3 |  4- 6 |  7- 9 | 10-12 || total
-------------------------+-------+-------+-------+-------++-------
Melee: Dagger            |       |     1 |       |       ||     1
 Cast: Magic Dart        |    68 |   101 |   127 |    49 ||   345
       Searing Ray       |     1 |    17 |    76 |    32 ||   126
       Fulminant Prism   |       |       |     1 |     1 ||     2
  Use: Scroll            |     3 |     4 |     2 |     3 ||    12
       Potion            |       |       |     2 |     3 ||     5
Armor: Robe              |       |     1 |     8 |     6 ||    15
Dodge: Dodged            |     1 |     2 |    42 |    14 ||    59
